 Dungeon Crawl Stone Soup version 0.19-a0-659-g8260ecf (webtiles) character file.

220430 pk666 the Warrior (level 18, -7/176 HPs)
             Began as a Minotaur Berserker on June 16, 2016.
             Was the Champion of Trog.
             Hit by a javelin thrown by a merfolk javelineer (18 damage)
             ... on level 4 of the Shoals.
             The game lasted 02:02:46 (37470 turns).

pk666 the Warrior (Minotaur Berserker)             Turns: 37470, Time: 02:02:47

Health: -7/176     AC: 39    Str: 30    XL:     18   Next: 47%
Magic:  17/17      EV: 17    Int:  6    God:    Trog [******]
Gold:   2045       SH:  0    Dex: 12    Spells: 0 memorised, 17 levels left

rFire  + . .     SeeInvis .     P - +9 executioner's axe of Heimuceg {flame, rN+ Int+2 Dex+2}
rCold  . . .     Gourm    .     r - +2 plate armour {rF+}
rNeg   + . .     Faith    .     (shield currently unavailable)
rPois  +         Spirit   .     q - +2 hat
rElec  .         Dismiss  .     w - +2 cloak {+Inv}
rCorr  .         Reflect  .     v - +2 pair of gloves {archery}
SustAt .         Harm     .     M - +2 pair of boots
MR     +++..                    (no amulet)
Stlth  ..........               a - +5 ring of protection
                                L - ring of poison resistance

@: lethally poisoned (-7 -> -7), exhausted, about to teleport, mesmerised,
regenerating, slowed, very slow, extremely resistant to hostile enchantments,
extremely unstealthy
A: retaliatory headbutt, horns 2, MP-powered wands
a: Berserk, Trog's Hand, Brothers in Arms, Burn Spellbooks, Renounce Religion,
Evoke Invisibility
}: 1/15 runes: serpentine


You were on level 4 of the Shoals.
You worshipped Trog.
Trog was exalted by your worship.
You were near starving.

You visited 5 branches of the dungeon, and saw 31 of its levels.

You collected 3119 gold pieces.
You spent 1074 gold pieces at shops.

Inventory:

Hand Weapons
 o - a +3 executioner's axe of freezing
 y - a +1 antimagic executioner's axe
 P - the +9 executioner's axe of Heimuceg (weapon) {flame, rN+ Int+2 Dex+2}
   (Trog gifted it to you on level 2 of the Lair of Beasts)

   It has been specially enchanted to burn those struck by it, causing extra
   injury to most foes and up to half again as much damage against particularly
   susceptible opponents.
   Big, fiery blades are also staple armaments of hydra-hunters.
   It affects your intelligence (+2).
   It affects your dexterity (+2).
   It protects you from negative energy.
 W - the +2 broad axe of Trog's Generosity {venom, rC+ Str+4}
   (Trog gifted it to you on level 5 of the Lair of Beasts)

   It poisons the flesh of those it strikes.
   It affects your strength (+4).
   It protects you from cold.
Armour
 q - a +2 hat (worn)
 r - a +2 plate armour of fire resistance (worn)
 v - a +2 pair of gloves of archery (worn)
 w - a +2 cloak of invisibility (worn)
 M - a +2 pair of boots (worn)
Jewellery
 a - a +5 ring of protection (right hand)
 g - a +6 ring of dexterity {unknown}
 u - an uncursed ring of protection from cold
 z - a +5 ring of slaying
 L - a ring of poison resistance (left hand)
 T - an uncursed ring of flight
Wands
 n - a wand of hasting (2/9)
 t - a wand of teleportation (4/9)
 H - a wand of digging (13/24)
 U - a wand of digging (5/24)
 X - a wand of disintegration (10/24)
 Y - a wand of hasting (1/9)
Scrolls
 d - 4 scrolls of fear
 e - 20 scrolls of identify
 f - 5 scrolls of enchant armour
 h - 17 scrolls of remove curse
 j - 3 scrolls of magic mapping
 l - 3 scrolls of recharging
 p - 6 scrolls of teleportation
 s - 4 scrolls of fog
 A - 4 scrolls of holy word
 B - 2 scrolls of enchant weapon
 E - 2 scrolls of blinking
 Q - a scroll of silence
 Z - a scroll of summoning
Potions
 i - 5 potions of might
 k - 13 potions of curing
 x - 4 potions of haste
 C - 3 potions of heal wounds
 D - 2 potions of flight
 J - a potion of cancellation
 N - a potion of ambrosia
 O - a potion of agility
 R - a potion of resistance
 V - a potion of magic
Comestibles
 c - 20 bread rations
 m - 10 meat rations
 F - 7 beef jerkies
 G - a slice of pizza
 S - 20 fruits


   Skills:
 + Level 19.4 Fighting
 + Level 19.1 Axes
 + Level 19.4 Armour
 + Level 18.1 Dodging


You had 17 spell levels left.
You didn't know any spells.

Dungeon Overview and Level Annotations

Branches:
Dungeon (15/15)            Temple (0/1) D:5            Lair (6/6) D:9
 Shoals (4/4) Lair:4        Snake (4/4) Lair:2        Slime (0/5) Lair:6
    Orc (2/2) D:12            Elf (0/3) Orc:2        Vaults (0/5) D:13
 Depths (0/5) D:15

Altars:
Ashenzari
Cheibriados
Dithmenos
Elyvilon
Fedhas
Gozag
Kikubaaqudgha
Makhleb
Nemelex Xobeh
Okawaru
Pakellas
Ru
Trog
Vehumet
Xom
Beogh

Shops:
D:6 }   D:8 !   D:11 [   D:12 *   Orc:2 ?:[?   Shoals:1 *

Portals:
Hell: Lair:6

Annotations:
Lair:6 exclusion: oklob plant
Shoals:4 Ilsuiw
Snake:4 exclusion: 2 ice statues


Innate Abilities, Weirdness & Mutations

You reflexively headbutt those who attack you in melee.
You have a pair of horns on your head.
You expend magic power (3 MP) to strengthen your wands.


Message History

You feel sick.
The merfolk javelineer barely misses you.
The siren chants a haunting song.
You resist with almost no effort. The merfolk completely misses you.
The siren chants its luring song.
Something hits you but does no damage.
The merfolk javelineer throws a javelin.
The javelin hits you!
* * * LOW HITPOINT WARNING * * *
The merfolk javelineer hits you but does no damage.
The siren hits you but does no damage.
You see here a javelin.
As you read the scroll of teleportation, it crumbles to dust.
You feel strangely unstable.
You feel sick.
The siren chants its luring song.
The merfolk hits you from afar with a trident!
* * * LOW HITPOINT WARNING * * *
The merfolk javelineer throws a javelin.
The javelin hits you!!
You die...

≈≈≈≈≈≈,,$..P.P.≈≈≈≈P..........≈PP
≈≈≈≈*≈****#..P.≈≈≈P.P.........P≈≈
≈≈≈≈******#≈≈PP≈≈P.P..........P≈≈
≈≈≈**≈≈*≈≈≈##≈≈≈≈≈P............≈≈
≈≈**≈≈≈≈≈≈≈##≈$≈≈P...≈≈#≈.......≈
.≈**≈≈*≈*≈*#≈≈P≈≈mm.#####.......≈
.,***≈≈≈≈≈*##≈≈m))m#m#≈*,#....,,,
.,***≈*,*≈*#≈≈m{≈.#.m.≈.,,#≈.,,,,
.,≈*,,,≈≈≈≈##≈≈(@≈#≈!#.#,**,,,,,,
.,,**,,,≈≈*#(≈≈(.##≈≈≈..≈**,,,,,,
.,,,******#(≈≈≈^.#*≈,#≈*,**≈,,,,≈
.,,,*≈****#≈≈≈≈..≈#,,≈≈,,,*≈≈≈≈≈≈
,,,<,,,,≈≈≈≈≈≈≈.....,≈**≈*≈≈≈≈≈≈≈
,,,,,,,,≈≈≈(≈≈≈≈....#****,≈≈≈≈≈≈≈
,,,,,≈≈,≈≈≈≈≈≈≈≈....#****,≈≈≈≈≈≈≈
,,,,≈≈≈≈≈≈≈≈≈≈≈≈≈....,,,,≈≈≈≈≈≈≈≈
,,≈≈≈≈≈≈≈≈≈≈≈≈≈≈≈≈≈≈≈≈≈,,≈≈≈≈≈≈≈≈


You could see 2 merfolk javelineers, a merfolk and 2 sirens.

Vanquished Creatures
  Frances (D:14)
  8 greater nagas (Snake:4)
  Aizul (Snake:2)
  A dire elephant (Lair:6)
  Azrael (Orc:2)
  A merfolk javelineer (Shoals:2)
  2 merfolk impalers
  Erolcha (Orc:2)
  14 hydras
  The ghost of tstbtto the Cleaver, a journeyman CeBe of Trog (D:10)
  A death knight (D:11)
  3 centaur warriors
  A vault guard (D:13)
  14 naga warriors
  A merfolk avatar (Shoals:2)
  23 anacondas
  A catoblepas (Lair:4)
  4 merfolk aquamancers
  2 ogre magi (Orc:2)
  A queen ant (Lair:5)
  An alligator snapping turtle (Shoals:4)
  A tengu warrior (D:12)
  7 death yaks
  6 shock serpents
  14 naga sharpshooters
  Sonja (D:10)
  Nergalle (Orc:2)
  7 skeletal warriors
  5 salamander mystics
  2 unseen horrors
  5 sea snakes
  7 naga ritualists
  4 wizards
  Pikel (D:7)
  15 harpies
  4 hill giants
  7 orc sorcerers
  3 fauns (Shoals:3)
  2 necromancers
  A wolf spider zombie (D:15)
  13 mana vipers
  8 manticores
  4 cyclopes
  3 deep elf magi (D:15)
  9 ugly things
  A sixfirhy (Lair:6)
  11 griffons
  9 salamanders
  A guardian serpent (shapeshifter) (D:13)
  23 elephants
  8 sirens
  10 guardian serpents
  44 black mambas
  4 orange demons (Lair:6)
  8 spiny frogs
  17 naga magi
  2 gargoyles (D:11)
  A smoke demon (Lair:6)
  4 water nymphs
  3 torpor snails
  5 rime drakes
  3 komodo dragons
  A tengu conjurer (D:12)
  4 ice devils (Lair:6)
  A queen bee (shapeshifter) (D:14)
  A hellwing (Lair:6)
  3 trolls
  3 wind drakes
  15 merfolk
  Grinder (D:5)
  3 two-headed ogres
  A polar bear (Lair:4)
  The ghost of Aquadorian the Chopper, an amateur DsFi (D:4)
  A hornet zombie (D:15)
  19 blink frogs
  2 boulder beetles
  5 snapping turtles
  5 slime creatures
  2 centaur simulacra (D:15)
  A redback (shapeshifter) (D:15)
  2 wyverns
  9 water elementals
  2 shadows
  51 yaks
  3 wraiths
  2 fire elementals (Orc:2)
  13 hippogriffs
  A hungry ghost (D:8)
  2 hogs (D:11)
  22 humans
  A mottled dragon (D:11)
  A vampire mosquito (D:13)
  58 nagas
  A steam dragon (D:11)
  16 soldier ants
  7 wargs (Orc:2)
  5 porcupines
  5 hell hounds
  15 water moccasins
  Duvessa (D:5)
  15 orc warriors
  2 phantoms
  3 sky beasts
  An eye of draining (D:15)
  3 ice beasts
  8 ogres
  5 black bears
  2 slaves (D:7)
  3 necrophages
  2 wasps
  13 centaurs
  18 wolves
  12 crocodiles
  4 big kobolds
  22 giant frogs
  Dowan (D:5)
  A water moccasin zombie (D:8)
  2 wyvern skeletons
  4 scorpions
  5 wights (D:13)
  A howler monkey (D:4)
  An electric eel (Lair:4)
  8 crimson imps
  7 lava snakes (Snake:2)
  7 centaur zombies
  4 giant frog zombies
  7 centaur skeletons
  5 hounds
  6 jellies
  13 orc priests
  40 orc wizards
  3 giant frog skeletons
  8 iguanas
  46 worker ants
  9 sheep
  A hound skeleton (D:8)
  2 worker ant zombies (D:6)
  53 river rats
  9 adders
  8 gnolls
  3 shadow imps
  4 oozes
  2 adder skeletons
  5 worms
  4 dart slugs
  8 giant geckos
  73 orcs
  4 ball pythons
  7 giant cockroaches
  4 goblins
  5 hobgoblins
  6 jackals
  14 kobolds
  3 quokkas
  3 bats
  A giant gecko skeleton (D:6)
  7 giant newts
  A quokka skeleton (D:7)
  5 rats
  5 fungi
  9 plants
1190 creatures vanquished.

Vanquished Creatures (others)
  2 butterflies (D:7)
  8 fungi
  7 plants
17 creatures vanquished.

Grand Total: 1207 creatures vanquished

Notes
Turn   | Place    | Note
--------------------------------------------------------------
     0 | D:1      | pk666 the Minotaur Berserker began the quest for the Orb.
     0 | D:1      | Reached XP level 1. HP: 19/19 MP: 0/0
   300 | D:1      | Reached XP level 2. HP: 22/27 MP: 1/1
   615 | D:2      | Reached XP level 3. HP: 28/33 MP: 2/2
   664 | D:2      | Found a shadowy altar of Dithmenos.
   695 | D:2      | Reached ** piety under Trog
   695 | D:2      | Reached XP level 4. HP: 5/41 MP: 3/3
  1572 | D:2      | Found a burning altar of Makhleb.
  2018 | D:3      | Reached XP level 5. HP: 47/47 MP: 4/4
  2022 | D:3      | Reached skill level 5 in Fighting
  2324 | D:3      | Found a bloodstained altar of Trog.
  2493 | D:4      | Found a blossoming altar of Fedhas.
  2767 | D:4      | Reached XP level 6. HP: 56/56 MP: 5/5
  2963 | D:4      | Reached *** piety under Trog
  3132 | D:4      | Reached skill level 5 in Axes
  3132 | D:4      | Reached skill level 5 in Armour
  3280 | D:4      | Noticed Aquadorian's ghost (amateur DsFi)
  3304 | D:4      | Killed Aquadorian's ghost
  3304 | D:4      | Reached skill level 5 in Dodging
  3304 | D:4      | Reached XP level 7. HP: 63/63 MP: 6/6
  3393 | D:5      | Entered Level 5 of the Dungeon
  3393 | D:5      | Found a shimmering altar of Xom.
  3458 | D:5      | Found an ancient bone altar of Kikubaaqudgha.
  3470 | D:5      | Noticed Dowan
  3472 | D:5      | Noticed Duvessa
  3486 | D:5      | Killed Duvessa
  3499 | D:5      | Killed Dowan
  3957 | D:5      | Found an oddly glowing altar of Pakellas.
  4047 | D:5      | Reached XP level 8. HP: 50/71 MP: 7/7
  4231 | D:5      | Noticed Grinder
  4252 | D:5      | Killed Grinder
  4301 | D:5      | Found a staircase to the Ecumenical Temple.
  4751 | D:6      | Reached **** piety under Trog
  4968 | D:6      | Noticed an eight-headed hydra
  4991 | D:6      | Killed a 13-headed hydra
  4991 | D:6      | Reached XP level 9. HP: 49/82 MP: 8/8
  5739 | D:6      | Found a white marble altar of Elyvilon.
  5756 | D:6      | Reached ***** piety under Trog
  5918 | D:6      | You fall through a shaft for 3 floors!
  5918 | D:9      | Found an opulent altar of Gozag.
  5943 | D:9      | Reached XP level 10. HP: 75/91 MP: 9/9
  6401 | D:7      | Found a runed door.
  6491 | D:6      | Found Weapadan's Gadget Boutique.
  6774 | D:7      | Received a gift from Trog
  7130 | D:7      | Found a runed door.
  7152 | D:7      | Noticed Pikel
  7167 | D:7      | Killed Pikel
  7530 | D:7      | Reached skill level 10 in Fighting
  7534 | D:7      | Reached skill level 10 in Armour
  7814 | D:8      | Found Qeuwn's Distillery.
  7911 | D:8      | Found a sacrificial altar of Ru.
  7911 | D:8      | Found a snail-covered altar of Cheibriados.
  7911 | D:8      | Found a radiant altar of Vehumet.
  8074 | D:8      | Bought a potion of flight for 45 gold pieces
  8074 | D:8      | Bought a potion of curing for 45 gold pieces
  8119 | D:8      | Found a sparkling altar of Nemelex Xobeh.
  8166 | D:8      | Reached skill level 10 in Axes
  8379 | D:9      | Found a burning altar of Makhleb.
  8410 | D:9      | Found a shattered altar of Ashenzari.
  8532 | D:9      | Found a staircase to the Lair.
  8546 | D:9      | Found an iron altar of Okawaru.
  8658 | Lair:1   | Entered Level 1 of the Lair of Beasts
  8711 | Lair:1   | Noticed a black mamba
  8714 | Lair:1   | Killed a black mamba
  8886 | Lair:1   | Reached XP level 11. HP: 43/100 MP: 10/10
  9660 | Lair:1   | Noticed an eight-headed hydra
  9671 | Lair:1   | Killed a 14-headed hydra
  9927 | Lair:1   | Reached skill level 10 in Dodging
 10415 | Lair:2   | Found a staircase to the Snake Pit.
 10499 | Lair:2   | Received a gift from Trog
 10532 | Lair:2   | Got an encrusted executioner's axe {god gift}
 10745 | Lair:2   | Identified the +9 executioner's axe of Heimuceg {flame, rN+ Int+2 Dex+2} (Trog gifted it to you on level 2 of the Lair of Beasts)
 10757 | Lair:2   | Noticed a six-headed hydra
 10763 | Lair:2   | Killed a three-headed hydra
 10939 | Lair:2   | Noticed a five-headed hydra
 10944 | Lair:2   | Killed a three-headed hydra
 11334 | Lair:2   | Reached XP level 12. HP: 85/111 MP: 11/11
 11608 | Lair:3   | Noticed a death yak
 11609 | Lair:3   | Noticed a death yak
 11626 | Lair:2   | Killed a death yak
 11627 | Lair:2   | Killed a death yak
 12489 | Lair:3   | Received a gift from Trog
 13537 | Lair:4   | Found a staircase to the Shoals.
 13811 | Lair:5   | Noticed a catoblepas
 13822 | Lair:4   | Killed a catoblepas
 13822 | Lair:4   | Reached XP level 13. HP: 121/121 MP: 12/12
 14091 | Lair:5   | Received a gift from Trog
 14111 | Lair:5   | Got a jewelled broad axe {god gift}
 14112 | Lair:5   | Identified the +2 broad axe of Trog's Generosity {venom, rC+ Str+4} (Trog gifted it to you on level 5 of the Lair of Beasts)
 14974 | Lair:6   | Entered Level 6 of the Lair of Beasts
 15401 | Lair:6   | Found a burning altar of Makhleb.
 15411 | Lair:6   | Reached ****** piety under Trog
 15440 | Lair:6   | Found a gateway to Hell.
 15837 | Lair:6   | Noticed a dire elephant
 15849 | Lair:6   | Killed a dire elephant
 16095 | Lair:6   | Reached XP level 14. HP: 132/132 MP: 13/13
 16120 | Lair:6   | Received a gift from Trog
 16651 | Lair:6   | Found a staircase to the Slime Pits.
 16677 | Lair:6   | Received a gift from Trog
 16685 | Lair:6   | Reached skill level 15 in Fighting
 16687 | Lair:6   | Got a faintly glowing hand axe {god gift}
 16883 | Lair:6   | Identified the +3 hand axe "Worm's Wrath" {chop, rPois rF- rN+} (Trog gifted it to you on level 6 of the Lair of Beasts)
 16934 | Lair:6   | Reached skill level 15 in Armour
 17554 | D:10     | Entered Level 10 of the Dungeon
 17602 | D:10     | Found an ancient bone altar of Kikubaaqudgha.
 17687 | D:10     | Reached skill level 15 in Axes
 17853 | D:10     | Noticed tstbtto's ghost (journeyman CeBe)
 17862 | D:10     | Killed tstbtto's ghost
 17871 | D:10     | Noticed Sonja
 17957 | D:10     | Killed Sonja
 18823 | D:11     | Found Davelose's Antique Armour Boutique.
 18836 | D:11     | Bought a pair of glowing gloves for 144 gold pieces
 19243 | D:11     | Received a gift from Trog
 19816 | D:12     | Found Hoafuere's General Store.
 19972 | D:12     | Found a staircase to the Orcish Mines.
 20355 | D:12     | Reached XP level 15. HP: 128/142 MP: 14/14
 20581 | Orc:1    | Entered Level 1 of the Orcish Mines
 20819 | Orc:2    | Entered Level 2 of the Orcish Mines
 20820 | Orc:2    | Found a staircase to the Elven Halls.
 20820 | Orc:2    | Noticed Azrael
 21030 | Orc:2    | Killed Azrael
 21031 | Orc:2    | Received a gift from Trog
 21207 | Orc:2    | Paralysed by an orc sorcerer for 4 turns
 21208 | Orc:2    | Gained mutation: You expend magic power (3 MP) to strengthen your wands. [a neqoxec]
 21763 | Orc:2    | Found Yptienic's Magic Scroll Emporium.
 21855 | Orc:2    | Found an ancient bone altar of Kikubaaqudgha.
 21856 | Orc:2    | Noticed Nergalle
 21865 | Orc:2    | Killed Nergalle
 21897 | Orc:2    | Noticed Erolcha
 21903 | Orc:2    | Killed Erolcha
 21903 | Orc:2    | Reached skill level 15 in Dodging
 21904 | Orc:2    | Found a radiant altar of Vehumet.
 21910 | Orc:2    | Found Cehil's Antique Armour Shoppe.
 21963 | Orc:2    | Received a gift from Trog
 21967 | Orc:2    | Found a roughly hewn altar of Beogh.
 21967 | Orc:2    | Found Giuv's Magic Scroll Emporium.
 21989 | Orc:2    | Found Oclunol's Book Emporium.
 22046 | Orc:2    | Bought a runed plate armour for 552 gold pieces
 22046 | Orc:2    | Bought an embroidered cloak for 108 gold pieces
 22905 | D:13     | Found a gate to the Vaults.
 23376 | D:14     | Noticed Frances
 23395 | D:14     | Killed Frances
 23934 | D:14     | Received a gift from Trog
 24161 | D:15     | Entered Level 15 of the Dungeon
 24576 | D:15     | Found a staircase to the Depths.
 24897 | D:15     | Reached XP level 16. HP: 149/153 MP: 15/15
 25415 | Snake:1  | Entered Level 1 of the Snake Pit
 26573 | Snake:2  | Noticed Aizul
 26587 | Snake:2  | Killed Aizul
 26766 | Snake:2  | Received a gift from Trog
 28764 | Snake:3  | Received a gift from Trog
 29754 | Snake:4  | Entered Level 4 of the Snake Pit
 29873 | Snake:4  | Found a radiant altar of Vehumet.
 30134 | Snake:4  | Reached XP level 17. HP: 142/163 MP: 16/16
 30310 | Snake:4  | Found a frozen archway.
 30652 | Snake:4  | Received a gift from Trog
 32105 | Snake:4  | Received a gift from Trog
 32941 | Snake:4  | Received a gift from Trog
 33855 | Snake:4  | Got a serpentine rune of Zot
 34053 | Shoals:1 | Entered Level 1 of the Shoals
 34142 | Shoals:1 | Found Ruimixkino's Island Escapes.
 34415 | Shoals:1 | Received a gift from Trog
 34454 | Shoals:1 | Reached XP level 18. HP: 174/174 MP: 17/17
 34824 | Shoals:1 | Received a gift from Trog
 34881 | Shoals:1 | Bought a scroll of blinking for 90 gold pieces
 34881 | Shoals:1 | Bought a scroll of blinking for 90 gold pieces
 36429 | Shoals:3 | Received a gift from Trog
 36933 | Shoals:4 | Entered Level 4 of the Shoals
 37438 | Shoals:4 | Noticed Ilsuiw
 37470 | Shoals:4 | Hit by a javelin thrown by a merfolk javelineer

Vault maps used:
D:1:      matt_arrival_los_fun
D:2:      grunt_dithmenos_smoke, lemuel_round_altar
D:3:      forest_paths, bloody_trog, uniq_jessica
D:4:      fedhas_altar_2
D:5:      grunt_pakellas_basics, kiku_gazebo_garden_becter,
          minmay_temple_entry_junction, basic_altar, first_bread, uniq_duvessa,
          uniq_grinder
D:6:      hangedman_cross_stitches, kennysheep_mini_moat, serial_shops, shop,
          serial_undead, serial_undead_a, serial_undead_f, serial_undead_a,
          serial_undead_d
D:7:      lemuel_insect_pit, uniq_pikel
D:8:      nemelex_altar_shiori, gammafunk_temple_overflow_forgotten,
          serial_shops, nicolae_shop_window_shopping
D:9:      okawaru_ov_weapons_minmay, lemuel_doored_altar, grunt_gozag_statues,
          lair_0_dummy, bloody_makhleb
D:10:     basic_altar, uniq_sonja
D:11:     minmay_opposing_rooms, serial_shops, shop, grunt_livestock
D:12:     orc_0_dummy, serial_shops, shop, grunt_tough_drop
D:13:     grunt_vaults_entry_tiered
D:14:     grunt_decor_fettered, uniq_frances
D:15:     grunt_enter_depths_magical_seal, minmay_misc_feat_square, minivault_27
Lair:1:   infiniplex_staircase_pool_2
Lair:2:   dummy_snake_entry, serial_bayou_shore_b, grunt_megastairs_5
Lair:3:   serial_bayou_pond_c, grunt_megastairs_1
Lair:4:   elwin_shoals_entry_rooms, cheibrodos_lair_caveside_slide,
          serial_bayou_lagoon_a, serial_bayou_shore_b
Lair:5:   zaba_anthell, grunt_megastairs_3, serial_bayou_shore_b
Lair:6:   evil_forest, minmay_slime_entry_pillars, lab_entry_generic
Shoals:1: nicolae_island_escapes
Shoals:4: shoals_end_grunt_ice, shoals_ilsuiw_ice
Snake:2:  nicolae_snake_lava_pool, serial_bayou_shore_b, lemuel_fruit_tree,
          uniq_aizul
Snake:4:  grunt_snake_rune_serpentine_throne,
          portal_ice_cave_entry_ice_statue_two, basic_altar
Orc:1:    mines2_david
Orc:2:    kennysheep_orc_mage_school, mines5_lemuel, uniq_azrael

Skill      XL: |  1  2  3  4  5  6  7  8  9 10 11 12 13 14 15 16 17 18 |
---------------+-------------------------------------------------------+-----
Fighting       | 4 5 6 8 9 10 12 13 14 15 16 17 18 19 | 19.4
Armour         | 3 4 5 6 8 9 10 12 13 14 15 16 18 19 | 19.4
Dodging        | 3 4 5 7 8 9 11 12 13 14 15 16 17 18 | 18.1
Axes           | 4 5 6 8 9 10 11 13 14 15 16 17 18 19 | 19.1

Action                   |  1- 3 |  4- 6 |  7- 9 | 10-12 | 13-15 | 16-18 || total
-------------------------+-------+-------+-------+-------+-------+-------++-------
Melee: Hand axe          |    52 |    85 |       |       |       |       ||   137
       Headbutt          |    10 |    19 |    39 |    92 |   183 |   209 ||   552
       Battleaxe         |       |    38 |   214 |   346 |       |       ||   598
       Executioner's axe |       |       |       |   184 |   812 |   904 ||  1900
Invok: Berserk           |     1 |     3 |     4 |     7 |    12 |     6 ||    33
       Burn Spellbooks   |       |       |       |     2 |     3 |     4 ||     9
       Trog's Hand       |       |       |       |       |     1 |     4 ||     5
  Use: Scroll            |       |     4 |     1 |       |    20 |     8 ||    33
       Potion            |       |       |       |       |       |     3 ||     3
  Eat: Chunk             |       |     9 |    14 |    26 |    46 |    25 ||   120
       Beef jerky        |       |     1 |       |       |     2 |       ||     3
       Royal jelly       |       |       |       |     1 |       |     4 ||     5
       Meat ration       |       |       |       |     1 |       |       ||     1
       Fruit             |       |       |       |     1 |     2 |     3 ||     6
       Pizza             |       |       |       |       |       |     8 ||     8
Armor: Animal skin       |    10 |    17 |       |       |       |       ||    27
       Ring mail         |       |     3 |       |       |       |       ||     3
       Chain mail        |       |    23 |   168 |   365 |   437 |       ||   993
       Plate armour      |       |       |       |       |   154 |   808 ||   962
Dodge: Dodged            |    33 |    77 |   163 |   496 |   790 |   898 ||  2457
